 Dungeon Crawl Stone Soup version 0.28.0-53-g5a82cb258f (webtiles) character file.

Game seed: 5572812021697226381

121 LustLizard the Chopper (level 4, -5/61 HPs)
             Began as a Minotaur Berserker on June 26, 2022.
             Was a Believer of Trog.
             Slain by an ogre
             ... wielding a +0 giant club
              (13 damage)
             ... on level 3 of the Dungeon.
             The game lasted 00:04:59 (2071 turns).

LustLizard the Chopper (Minotaur Berserker)         Turns: 2071, Time: 00:05:00

Health: -5/61      AC:  7    Str: 22    XL:     4   Next: 76%
Magic:  3/3        EV: 11    Int:  6    God:    Trog [**....]
Gold:   96         SH:  0    Dex:  9    Spells: 3/3 levels left

rFire   . . .      SeeInvis .   o - +0 war axe
rCold   . . .      Faith    .   (no shield)
rNeg    . . .      Spirit   .   j - +0 ring mail
rPois   .          Reflect  .   l - +1 hat
rElec   .          Harm     .   (no cloak)
rCorr   .          Rampage  .   (no gloves)
Will    .....                   u - +0 pair of boots
Stlth   ..........              k - amulet of the acrobat
HPRegen 0.20/turn               (no ring)
MPRegen 0.08/turn               (no ring)

@: berserking, very quick
A: horns 2, retaliatory headbutt
a: Renounce Religion, Berserk, Trog's Hand


You were on level 3 of the Dungeon.
You worshipped Trog.
Trog was pleased with you.
You visited 1 branch of the dungeon, and saw 3 of its levels.

You collected 96 gold pieces.

Inventory:

Hand Weapons
 a - a +0 hand axe
 o - a +0 war axe (weapon)
Missiles
 c - 108 stones (quivered)
 d - 4 curare-tipped darts
 m - 5 atropa-tipped darts
Armour
 b - a +0 animal skin
 e - a +0 leather armour
 j - a +0 ring mail (worn)
 l - a +1 hat (worn)
 u - a +0 pair of boots (worn)
Jewellery
 k - an amulet of the acrobat (around neck)
 s - a ring of see invisible
Wands
 p - a wand of acid (8)
Scrolls
 i - 2 scrolls of amnesia {unknown}
 n - a scroll of brand weapon {unknown}
 r - a scroll of identify {unknown}
 w - a scroll of vulnerability {unknown}
Potions
 f - 2 potions of might {unknown}
 g - a potion of flight {unknown}
 h - 2 potions of invisibility {unknown}
 q - a potion of degeneration {unknown}
 t - a potion of haste {unknown}
 v - a potion of curing {unknown}


   Skills:
 + Level 4.4 Fighting
 * Level 5.0 Axes
 * Level 2.6 Throwing
 - Level 2.4 Armour
 - Level 2.1 Dodging


You had 3 spell levels left.
You didn't know any spells.
Your spell library was empty.

Dungeon Overview and Level Annotations

Branches:
Dungeon (3/15)

Altars:
Wu Jian


Innate Abilities, Weirdness & Mutations

You have a pair of horns on your head.
You reflexively headbutt those who attack you in melee.


Message History

An endoplasm comes into view.
Found a dagger.
The endoplasm quivers.
The endoplasm completely misses you.
You see here a +0 dagger.
You slash the endoplasm!
You kill the endoplasm!
Trog accepts your kill.
No target in view!
No target in view!
Found a stone staircase leading down.
There is a stone staircase leading down here.
Found an escape hatch in the ceiling.
You hit the worm. You headbutt the worm.
The worm is severely wounded.
You barely miss the worm.
The worm is severely wounded.
The worm bites you but does no damage.
You slash the worm!
You kill the worm!
Trog accepts your kill.
The ogre shouts!
An ogre is nearby!
You barely miss the ogre. You headbutt the ogre!
The ogre is moderately wounded.
The ogre closely misses you.
You closely miss the ogre.
The ogre is moderately wounded.
The ogre barely misses you.
You barely miss the ogre.
The ogre is moderately wounded.
The ogre hits you with a +0 giant club!
You hit the ogre.
The ogre is heavily wounded.
The ogre hits you with a +0 giant club!!
* * * LOW HITPOINT WARNING * * *
A red film seems to cover your vision as you go berserk!
You feel yourself moving faster!
You feel mighty! The ogre hits you with a +0 giant club!
You die...

##..........######.##
######....#.....#...#...#
.g.......##...>.#._...8.#
######...##.##..#...#...#
#...##. #..#########
#...##. #...# #o..##.
###.###.#### #g..##.#
#.........
#...##.####@###<#### ####
#..#......O.#
...###...##.####.#
##..##..###.......
.##...............
..#..###########.#.
.##....## #.## '###o#..#
#.# .##g)##.#


You could see an ogre.

Vanquished Creatures
  3 adders (D:2)
  3 worms
  5 dart slugs
  7 orcs
  6 endoplasms
  2 giant cockroaches (D:1)
  6 goblins
  4 hobgoblins
  2 quokkas (D:3)
  6 ball pythons
  9 bats
  3 frilled lizards
  4 kobolds
  7 rats
67 creatures vanquished.

Notes
Turn   | Place    | Note
-------+----------+-------------------------------------------
     0 | D:1      | LustLizard the Minotaur Berserker began the quest for the
                  | Orb.
     0 | D:1      | Reached XP level 1. HP: 19/19 MP: 0/0
   283 | D:1      | Reached XP level 2. HP: 27/27 MP: 1/1
   391 | D:1      | Reached skill level 1 in Throwing
   393 | D:1      | Reached skill level 4 in Axes
   804 | D:1      | Reached XP level 3. HP: 33/33 MP: 2/2
   889 | D:2      | Reached ** piety under Trog
  1138 | D:2      | Reached XP level 4. HP: 35/40 MP: 3/3
  1461 | D:3      | Noticed an eye of devastation
  1463 | D:3      | Found a faded altar of an unknown god.
  1464 | D:3      | Noticed a shining eye
  1464 | D:3      | Noticed an eye of devastation
  1464 | D:3      | Noticed a floating eye
  1762 | D:3      | Noticed an ogre
  1827 | D:3      | Reached skill level 5 in Axes
  2027 | D:3      | Found an ornate altar of the Wu Jian Council.
  2071 | D:3      | Slain by an ogre

Illustrated notes

Levels and vault maps discovered:
D:1:      minmay_arrival_widening_spiral_wide, layout_loops_ring
D:2:      layout_rooms, grunt_ministairs_4
D:3:      layout_loops_ring, nicolae_wu_jian_immortal_techniques,
          hellmonk_ecumenical_altar_watching_god, columned_hall_lemuel,
          minmay_joined_circles

Skill      XL: |  1  2  3  4 |
---------------+-------------+-----
Throwing       | 1 2 |  2.6
Axes           | 4 5 |  5.0
Fighting       | 4 |  4.4
Armour         | |  2.4
Dodging        | |  2.1

Action                   |  1- 3 |  4- 6 || total
-------------------------+-------+-------++-------
Melee: Hand axe          |    64 |     8 ||    72
       Headbutt          |    18 |     5 ||    23
       War axe           |       |    50 ||    50
Throw: Stone             |    13 |     1 ||    14
Invok: Berserk           |       |     1 ||     1
Armor: Leather armour    |    10 |       ||    10
       Ring mail         |     8 |    13 ||    21
Dodge: Dodged            |    40 |    48 ||    88
